Cogmind - Beta 14 @@@ ROGUE MODE // 2024.08.07 @ 16:05:40 Player: Pogmind Result: Destroyed by C4-C8N(R) with Subdweller Machine Gun Performance ------------- Evolutions (0) 0 Regions Visited (2) 400 Robots Destroyed (44) 220 Value Destroyed (1001) 1001 Prototype IDs (11) 220 Alien Tech Used (0) 0 Bonus (0) 0 TOTAL SCORE: 1841 Bonus ------- None Cogmind --------- Core Integrity 0/250 Matter 275/300 Energy 93/100 System Corruption 0% Temperature Cool (0) Movement Core (50) Location -10/Subcaves Parts ------- > --- POWER (1) -------- (None) > --- PROPULSION (2) --- (None) > --- UTILITY (2) ------ (None) > --- WEAPON (2) ------- (None) > --- INVENTORY (5) ---- Subdweller Power Source Improved Light Cannon Grenade Launcher Peak State ------------ > --- POWER ------------ (None) > --- PROPULSION ------- Cargo Legs > --- UTILITY ---------- (None) > --- WEAPON ----------- Subdweller Laser > --- INVENTORY -------- Subdweller Power Source Improved Light Cannon Grenade Launcher [Rating: 18] Favorites ----------- Power Ion Engine Engine Ion Engine Propulsion Light Treads Treads Light Treads Leg Cargo Legs Utility High-capacity Storage Unit Device Structural Scanner Storage High-capacity Storage Unit Protection Core Shielding Weapon Improved Light Cannon Energy Gun Beam Rifle Energy Cannon Subdweller Beam Cannon Ballistic Gun Light Assault Rifle Ballistic Cannon Improved Light Cannon Launcher Grenade Launcher Impact Weapon Hammer Build | -11 -10 -10 ------- Run | Yrd Mat Sub Slots Evolved . | . . . Power . | . . . Propulsion . | . . . Utility . | . . . Weapon . | . . . Parts Attached 62 | 8 26 28 Power 3 | 1 2 . Engine 3 | 1 2 . Core . | . . . Reactor . | . . . Propulsion 7 | 2 2 3 Treads 6 | 2 2 2 Leg 1 | . . 1 Wheel . | . . . Hover . | . . . Flight . | . . . Utility 19 | 2 4 13 Device 8 | 1 . 7 Storage 4 | 1 3 . Processor . | . . . Hackware . | . . . Protection 7 | . 1 6 Artifact . | . . . Weapon 33 | 3 18 12 Energy Gun 10 | 3 6 1 Energy Cannon 1 | . . 1 Ballistic Gun 1 | . 1 . Ballistic Cannon 14 | . 8 6 Launcher 3 | . 1 2 Special Weapon . | . . . Impact Weapon 4 | . 2 2 Slashing Weapon . | . . . Piercing Weapon . | . . . Special Melee Weapon . | . . . Unidentified Prototypes . | . . . Parts Lost 5 | . 4 1 Power 2 | . 2 . Propulsion 1 | . . 1 Utility 1 | . 1 . Weapon 1 | . 1 . Highest Loss Streak 2 | . 2 1 To Critical Strikes . | . . . Average Slot Usage (%) 98 | . 99 98 Engine 13 | . 13 13 Treads 27 | . 27 27 Device 7 | . 2 12 Storage 13 | . 14 13 Protection 5 | . 11 1 Energy Gun 5 | . 11 . Energy Cannon 3 | . . 6 Ballistic Cannon 16 | . 13 18 Impact Weapon 1 | . 1 1 Peak Build Rating 18 | 7 11 18 Average Rating 10 | 5 8 11 On Entrance 6 | . 7 11 Naked Turns 49 | . . 49 Heaviest Build 58 | 12 52 58 Greatest Support 55 | 40 40 55 Greatest Overweight (x) 1 | . 1 1 Average Overweight (x) . | . . . Largest Inventory Capacity 20 | 8 20 20 Average Capacity 17 | 7 13 19 Most Carried 20 | 2 19 20 Average Carried 16 | 1 12 19 Final Capacity 20 | 8 20 5 Final Carried 19 | 2 19 3 Class Distribution -------------------- 100% | Mutant Dominant Class ---------------- Mutant | -10/Materials Mutant | -10/Subcaves Resources | -11 -10 -10 ----------- Run | Yrd Mat Sub Matter Collected 1261 | 238 587 436 Remotely . | . . . Salvage Created 972 | 27 725 220 Parts 73 | 3 50 20 Haulers Intercepted 2 | . 2 . Recyclers Shooed . | . . . Parts Field Recycled . | . . . Retrieved Matter . | . . . Parts Self-Destructed 11 | . . 11 Prevented . | . . . Kills | -11 -10 -10 ------- Run | Yrd Mat Sub Combat Hostiles Destroyed 29 | . 15 14 Melee 1 | . 1 . Cannons 18 | . 11 7 AOE 10 | . 3 7 Classes Destroyed 11 | 1 8 2 Worker 3 | . 3 . Builder 2 | . 2 . Tunneler 1 | 1 . . Hauler 2 | . 2 . Recycler 1 | . 1 . Operator 1 | . 1 . Turret 2 | . . 2 Watcher 3 | . 3 . Swarmer 10 | . 3 7 Grunt 12 | . 12 . Subdweller 7 | . . 7 Best Kill Streak 4 | 1 4 4 Combat Bots Only 4 | . 3 4 Max Kills in Single Turn 3 | 1 3 3 Gunslinging . | . . . Exploded 3 | . 3 3 Melee 1 | . 1 . Uniques/NPCs Destroyed . | . . . Combat | -11 -10 -10 -------- Run | Yrd Mat Sub Hostile Shots Fired 93 | . 54 39 Missed 26 | . 14 12 Damage Taken 1181 | . 613 568 Core 258 | . 160 98 Absorbed by Shields . | . . . Redirected to Shielding 28 | . 14 14 Regen/Repaired (Parts) 153 | . 153 . Core Remaining (%) 100 | 100 . . Volleys Fired 100 | 1 51 48 Largest 2 | 2 2 2 Hottest 119 | 90 112 119 Shots Fired 169 | 2 101 66 Gun 27 | 2 25 . Cannon 138 | . 75 63 Launcher 4 | . 1 3 Special . | . . . Kinetic 115 | . 76 39 Thermal 43 | 2 17 24 Explosive 4 | . 1 3 Electromagnetic 7 | . 7 . Robot Hit Streak 17 | 1 13 17 Robot Miss Streak 4 | . 4 2 Penetration Max . | . . . Secondary Targets . | . . . Shots Hit Robots 99 | 1 65 33 Core Hits 55 | 1 31 23 Critical Kills 1 | . 1 . Critical Parts Destroyed 2 | . 2 . Critical Strikes 8 | . 6 2 Burn 2 | . 2 . Blast 3 | . 1 2 Smash 3 | . 3 . Melee Attacks 19 | . 6 13 Impact 19 | . 6 13 Slashing . | . . . Piercing . | . . . Sneak Attacks 2 | . 2 . Combat Hostiles . | . . . Follow-up Attacks . | . . . Damage Inflicted 2449 | 16 1441 992 Guns 262 | 11 251 . Cannons 1493 | . 798 695 Explosions 495 | . 198 297 Melee 182 | . 182 . Ramming 17 | 5 12 . Kinetic 1446 | . 805 641 Thermal 239 | 11 174 54 Explosive 495 | . 198 297 Electromagnetic 70 | . 70 . Impact 182 | . 182 . Slashing . | . . . Piercing . | . . . Highest Corruption . | . . . Average Corruption . | . . . Corruption Purged . | . . . Corruption Blocked . | . . . Overload Shots . | . . . Overflow Damage 176 | . 166 10 Projectiles . | . . . Explosions 80 | . 70 10 Melee 96 | . 96 . Knockbacks 22 | 1 17 4 Impact 2 | 1 1 . Kinetic 17 | . 13 4 Secondary 3 | . 3 . Self-Inflicted Damage 239 | . 170 69 Shots 5 | . 2 3 Rammed 3 | 1 2 . Targets Rammed 3 | 1 2 . Kicked . | . . . Crushed . | . . . Highest Temperature 144 | 30 144 9 Average Temperature 42 | 18 44 6 Received Heat Transfer 321 | . 234 87 Siege Activations . | . . . Robots Corrupted 2 | . 2 . Combat Hostiles . | . . . Parts Fried 3 | . 3 . Impact Corruptions 5 | . 5 . Robots Melted . | . . . Combat Hostiles . | . . . Parts Melted 3 | . 3 . Heat Transferred 691 | 25 592 74 Parts Sabotaged . | . . . Parts Stolen . | . . . Parts Stripped . | . . . Power Chain Reactions . | . . . Alert | -11 -10 -10 ------- Run | Yrd Mat Sub Peak Influence 140 | 5 140 . Initial 3 | . 3 . Average 72 | 1 74 . Maximum Alert Level . | . . . Low Security (%) 100 | 100 100 . Level 1 . | . . . Level 2 . | . . . Level 3 . | . . . Level 4 . | . . . Level 5 . | . . . High Security . | . . . Max Security . | . . . Squads Dispatched 4 | . 4 . Investigation 3 | . 3 . Extermination . | . . . Reinforcement 1 | . 1 . Assault . | . . . Garrison . | . . . Intercept . | . . . Searches Triggered . | . . . Construction Impeded . | . . . Haulers Reinforced . | . . . Active Scanning Responses . | . . . Cargo Convoy Interrupts . | . . . Stealth | -11 -10 -10 --------- Run | Yrd Mat Sub Distress Signals 2 | . 2 . Communications Jammed . | . . . Distress Signals . | . . . Times Spotted 43 | . 22 21 Peak Tracking Total 4 | . 3 4 Tactical Retreats 3 | . . 3 Traps | -11 -10 -10 ------- Run | Yrd Mat Sub Traps Triggered 2 | . 1 1 Indirectly . | . . . Trap Hack Attempts . | . . . Triggered . | . . . Disarmed . | . . . Reprogrammed . | . . . Reused . | . . . Traps Extracted . | . . . Installed . | . . . Triggered . | . . . Machines | -11 -10 -10 ---------- Run | Yrd Mat Sub Machines Disabled 3 | . 2 1 Max in Single Turn 2 | . 2 1 Machines Repaired . | . . . Machines Dismantled . | . . . Machines Sabotaged . | . . . Overloaded Fab Kills . | . . . Hacking | -11 -10 -10 --------- Run | Yrd Mat Sub Machines Accessed 14 | . 10 4 Terminals 7 | . 7 . Fabricators . | . . . Repair Stations 1 | . 1 . Recycling Units 2 | . 2 . Scanalyzers . | . . . Garrison Access . | . . . Total Hacks 40 | . 34 6 Successful 24 | . 18 6 Failed 15 | . 15 . Catastrophic 2 | . 2 . Database Lockouts 1 | . 1 . Manual 22 | . 22 . Terminals 26 | . 26 . Fabricators . | . . . Repair Stations 6 | . 6 . Recycling Units 2 | . 2 . Scanalyzers . | . . . Garrison Access . | . . . Terminal Hacks 13 | . 7 6 Record 4 | . . 4 Robot Analysis 3 | . 3 . Open Door 1 | . . 1 Alert Level 1 | . 1 . Locate Traps 2 | . 2 . Hauler Manifests 1 | . 1 . Derelict Proto ID Bank 1 | . . 1 Fabricator Hacks . | . . . Repair Station Hacks 6 | . 6 . Scan Component 3 | . 3 . Repair 3 | . 3 . Recycling Unit Hacks . | . . . Scanalyzer . | . . . Garrison Access Hacks . | . . . Unauthorized Hacks 5 | . 5 . Terminals 3 | . 3 . Botnet 3 | . 3 . Fabricators . | . . . Repair Stations . | . . . Recycling Units 2 | . 2 . Tunnel 2 | . 2 . Scanalyzers . | . . . Garrison Access . | . . . Data Cores Recovered . | . . . Used . | . . . Hacking Detections 8 | . 8 . Full Trace Events . | . . . Feedback Events . | . . . Feedback Blocked . | . . . Robot Schematics Acquired . | . . . Robots Built . | . . . Authchips . | . . . Time . | . . . Total Robot Build Rating . | . . . Part Schematics Acquired . | . . . Parts Built . | . . . Authchips . | . . . Time . | . . . Total Part Build Rating . | . . . Parts Repaired 3 | . 3 . Time 78 | . 78 . Parts Recycled . | . . . Recycled Matter . | . . . Retrieved Matter . | . . . Retrieved Components . | . . . Parts Scanalyzed . | . . . Part Schematics Acquired . | . . . Parts Damaged . | . . . Bothacking | -11 -10 -10 ------------ Run | Yrd Mat Sub Used RIF Installer . | . . . Robots Hacked . | . . . Non-combat . | . . . Combat . | . . . Robot Hacks Applied . | . . . Relay Couplers Released . | . . . Fabnet Peak Effective % . | . . . Robots Rewired . | . . . Allies Hacked . | . . . Hacks Repelled . | . . . Allies | -11 -10 -10 -------- Run | Yrd Mat Sub Total Allies . | . . . Largest Group . | . . . Highest-Rated Group . | . . . Highest-Rated Ally . | . . . Total Orders . | . . . Ally Attacks . | . . . Total Damage . | . . . Kills . | . . . Allies Corrupted . | . . . Allies Melted . | . . . Intel | -11 -10 -10 ------- Run | Yrd Mat Sub Robot Analysis Total 3 | . 3 . Derelict Logs Recovered 2 | . . 2 Drone Launches . | . . . Drone Recoveries . | . . . Exploration | -11 -10 -10 ------------- Run | Yrd Mat Sub Turns Passed 7431 | 102 3124 4205 Spaces Moved 3150 | 57 1452 1641 Core 116 | 6 . 110 Treads 3033 | 51 1452 1530 Legs 1 | . . 1 Wheels . | . . . Hover . | . . . Flight . | . . . Fastest Speed 50 | 50 160 50 Average Speed 199 | 148 168 227 Slowest Speed 240 | 160 240 240 Overloaded Moves . | . . . Propulsion Burnouts . | . . . Robots Hopped . | . . . Cave-ins Triggered . | . . . Exploration Rate (%) 56 | 4 100 64 Regions Visited 2 Branch Regions 1 Pre-discovered Areas 4 | . 2 2 Known Exits Taken . | . . . Unknown Exits Taken 2 | 1 1 . Scrap Searched 3 | . . 3 Spaces Dug 24 | . 7 17 Terrain Destroyed 41 | . 20 21 Melee 1 | . . 1 Projectile 7 | . . 7 AOE 33 | . 20 13 Terrain Rammed . | . . . Walls Destroyed . | . . . Machines Disabled . | . . . Actions | -11 -10 -10 --------- Run | Yrd Mat Sub Total 4087 | 68 2009 2010 Wait 702 | . 436 266 Move 3149 | 57 1451 1641 Hop . | . . . Pick Up 34 | 1 26 7 Fast Attach 16 | 8 6 2 Attach 6 | . 3 3 Detach 1 | 1 . . Swap 40 | . 17 23 Drop 18 | . 11 7 Fire 100 | 1 51 48 Melee 19 | . 6 13 Ram . | . . . Kick . | . . . Crush 2 | . 2 . Escape Stasis . | . . . Rewire . | . . . Trap . | . . . Miscellaneous . | . . . Route ------- -11/Scrapyard -10/Materials (discovered 5 exits: [*Mat x3] / [*Min] / *Sub) -10/Subcaves (discovered 2 exits: [*Mat] / [*Rec]) History --------- Turn | Location | Event 17 | -11/Scrapyard | Discovered new exit (range 16) 103 | -11/Scrapyard | Entered Materials 210 | -10/Materials | Discovered new exit (range 6) 255 | -10/Materials | Central database locked down 314 | -10/Materials | Build established: Mutant 876 | -10/Materials | Discovered new exit (range 3) 1004 | -10/Materials | Discovered new exit (range 15) 1235 | -10/Materials | Discovered new exit (range 16) 1544 | -10/Materials | Repaired Lgt. Treads 1572 | -10/Materials | Repaired Lgt. Treads 1599 | -10/Materials | Repaired Lgt. Cannon 1780 | -10/Materials | Core integrity fell below 50% 2476 | -10/Materials | Discovered new exit (range 5) 3227 | -10/Materials | Entered Subcaves 3311 | -10/Subcaves | Learned location of Zion (-6) 3311 | -10/Subcaves | Met a Zionite searching for "candidates" 3413 | -10/Subcaves | Visited Clippyterm 3420 | -10/Subcaves | Learned Research machine intel 4786 | -10/Subcaves | Core integrity fell below 20% 5449 | -10/Subcaves | Visited 4L-MR0's lab 6039 | -10/Subcaves | Discovered new exit (range 16) 7075 | -10/Subcaves | Learned location of Storage (-7) 7187 | -10/Subcaves | Discovered new exit (range 8) 7248 | -10/Subcaves | Shifting Twisted Machinery released Sub. Laser 7360 | -10/Subcaves | Released all parts (7) 7404 | -10/Subcaves | Found Cargo Legs 7429 | -10/Subcaves | Attached Cargo Legs, gained temporary slots: Utility x2 7431 | -10/Subcaves | Released all parts (2) 7432 | -10/Subcaves | Destroyed by C4-C8N(R) with Subdweller Machine Gun Last Messages --------------- 07277_ Acquired Sub. Laser. 07360_ Released Imp. Light Cannon. 07360_ Released Sub. Beam Cannon. 07360_ Released Hcp. Storage Unit. 07360_ Released Ion Engine. 07360_ Released Lgt. Treads. 07360_ Released Structural Scanner. 07360_ Released Lgt. Treads. 07381_ Acquired 2 matter. 07381_ Acquired 3 matter. 07403_ Dropped Sub. Laser. 07404_ Dropped Imp. Light Cannon. 07404_ Acquired Cargo Legs. 07406_ Dropped Grenade Launcher. 07406_ Acquired Imp. Light Cannon. 07408_ Acquired Sub. Laser. 07429_ Core temporarily expanded with Utility slot. 07431_ Released Cargo Legs. 07431_ Released Sub. Laser. 07431_ Temporary Utility slot lost. Map ----- +----------------------------------------------------+ | ???????### ####### ##### #### ##???????? | | ???????## #### ## #### #### ###???????? | | ???????### ## ### ###???????? | | ???????### %& & ### #######???? | | ????????### ### #######??? | | ????????#### #### ### #### ###??? | | ?????????##### ##### ### #### ##??? | | ??????????########## ### ### ##??? | | ????????????###### #### ### ###??? | | ????????????????## ## ####### ###??? | | ????????????????## ### #### ###### ###??? | | ????????????????### #### #### ###### ###??? | | ????????????????### #### #### ###### ##??? | | ?????????????????### ### #### #### ###?? | | ?????????????????######### ## ### ###?? | | ????????????????########## ### ##?? | | ????????????????########## #### ##?? | | ?????????????#####"" "### #### ###?? | | ?????????????##### " "### #### ####?? | | ?????????????##""# ## "## ###### ###??? | | ?????????????## #+## & ## ##### ##???? | | ?????????????##" ## "# ##???? | | ?????????????##" #### ## ### ##???? | | ?????????????##"" ### [#R # ##### ###??? | | ?????????????##"X ### R # ##### ###??? | | ?????????????##"" ### @ # #### ##??? | | ?????????????##" ### #<< # ###### ##??? | | ?????????????### ##" ###< # ######### ##??? | | ?????????????##" ####" ## ######### ###??? | | ?????????????## ]#### ### ########### ##??? | | ?????????????######" &##### ## # ### ##??? | | ?????????????############### ###??? | | ####?????????????#######?### ####??? | | #####??????????????######?#### # ####???? | | "######??????????############## ####????? | | ""#######????????### ###?#### ######?????? | | """""#####???????## ##?## ## #####??????? | | """""" #########?### ##?### ### ##?????????? | | "" "############ ########### ###????????? | | """ ""### ###### ########### ###????????? | | ### " ## ####???### ##????????? | | ########" # ## ## ###???## ##????????? | | ?################# ##### ####### ####???????? | | ??????########### ##### ####### #######?????? | | ???????????????### ## #### ## #####????? | | ???????????????### ### ####???? | | #######???????#### ###???? | | #######??????#### ## ##???? | | """""##??????### ##### ## ###???? | | """X"##??????## ###### #### ## ####??? | +----------------------------------------------------+ Best States ------------- Heat Dissipation 25 Energy Generation 10 Energy Capacity 250 Matter Stores 300 Matter Capacity 300 Sight Range 16 Terrain Scan Density 10 Core Shielding 20 Evasion (%) 50 Recoil Reduction 2 Item Schematics ----------------- None Robot Schematics ------------------ None Fabricated ------------ Nothing Alien Tech Used ----------------- None Achievements -------------- None Challenges ------------ None Game ------ Seed NodeElectronTube Manual? 0 Play Time 00:31:38 Cumulative 718.4 hours Start 2024.08.07 @ 15:29:54 End 2024.08.07 @ 16:05:40 Sessions 1 Manual Loads 0 Difficulty Rogue Special Mode None Game No. 88 Rogue 73 Adventurer 5 Explorer 10 Win Type - Total 28 Types 6/7/6/0/3/1/4/0/1 Lore% 56 Gallery% 87 Achievement% 85 Wizard Run 0 Options --------- Layout 0 ASCII 0 Keyboard 0 Movement Numpad Keybinds 0 Fullscreen 1 Font 24/Smallcaps Map View 130x56 Zoom Use 0% Tactical HUD 1 Map Filters NONE Filters NONE Steam 1 RUN: 51761212-82c0-450b-b887-8bf5d25e1f77